 Dungeon Crawl Stone Soup version 0.30-a0-591-g3c58d2bc28 (webtiles) character file.

Game seed: 12471792756541067994

28168 Citaku the Tortoise (level 13, -3/116 HPs)
             Began as a Minotaur Fighter on Jan 6, 2023.
             Was a High Priest of Wu Jian.
             Slain by an orc warrior
             ... wielding a +0 flail
             ... led by an orc warlord
              (20 damage)
             ... on level 2 of the Orcish Mines.
             The game lasted 00:31:00 (13643 turns).

Citaku the Tortoise (Minotaur Fighter)             Turns: 13643, Time: 00:31:01

Health: -3/116     AC: 26    Str: 23    XL:     13   Next: 8%
Magic:  12/12      EV: 14    Int:  5    God:    Wu Jian [*****.]
Gold:   1351       SH:  5    Dex: 13    Spells: 12/12 levels left

rFire   + . .      SeeInvis .    d - +6 scythe (heavy)
rCold   . . .      Faith    .    (shield currently unavailable)
rNeg    . . .      Spirit   .    x - +2 plate armour {rPois}
rPois   +          Reflect  +    (helmet restricted)
rElec   .          Harm     .    v - +0 cloak
rCorr   .          Rampage  .    p - +0 pair of gloves
Will    +....                    z - +2 pair of boots Stlth
                                 o - amulet of reflection
HPRegen 0.39/turn                g - ring of protection from fire
MPRegen 0.13/turn                l - ring of willpower

@: in a heavenly storm, on berserk cooldown, slowed, glowing, very slow
A: horns 2, retaliatory headbutt
a: Renounce Religion, Wall Jump, Serpent's Lash, Heavenly Storm


You were on level 2 of the Orcish Mines.
You worshipped Wu Jian.
Wu Jian was extremely pleased with you.
You visited 3 branches of the dungeon, and saw 15 of its levels.

You collected 1351 gold pieces.

Inventory:

Hand Weapons
 d - a +6 heavy scythe (weapon)
Missiles
 w - 2 throwing nets
Armour
 p - a +0 pair of gloves (worn)
 v - a +0 cloak (worn)
 x - a +2 plate armour of poison resistance (worn)
 z - a +2 pair of boots (worn)
Jewellery
 g - a ring of protection from fire (left hand)
 k - a ring of resist corrosion
 l - a ring of willpower (right hand)
 o - an amulet of reflection (around neck)
Wands
 a - a wand of quicksilver (19)
 i - a wand of paralysis (7)
 r - a wand of flame (29)
 s - a wand of mindburst (17)
 E - a wand of iceblast (14)
Scrolls
 b - 3 scrolls of magic mapping
 e - 2 scrolls of poison
 h - 2 scrolls of vulnerability
 j - a scroll of fog
 m - a scroll of torment
 q - 3 scrolls of teleportation
 B - a scroll of brand weapon
 G - a scroll of amnesia
Potions
 f - 5 potions of attraction
 n - a potion of cancellation
 A - a potion of invisibility
 F - a potion of flight


   Skills:
 + Level 11.4 Fighting
 - Level 8.1(12.4) Axes
 * Level 14.6(15.4) Polearms
 * Level 15.4 Armour
 + Level 8.5 Dodging
 - Level 4.5 Shields


You had 12 spell levels left.
You didn't know any spells.
Your spell library contained the following spells:

 Spells                   Type           Power      Damage    Failure   Level
 Apportation              Tloc           0%         N/A       99%         1
 Necrotise                Necr           0%         1d4       99%         1
 Summon Small Mammal      Summ           0%         N/A       99%         1
 Blink                    Tloc           0%         N/A       100%        2
 Cigotuvi's Dreadful Rot  Necr/Pois/Air  0%         N/A       100%        2
 Momentum Strike          Conj/Tloc      0%         3d8       100%        2
 Poisonous Vapours        Pois/Air       0%         N/A       100%        2
 Sublimation of Blood     Necr           0%         N/A       100%        2
 Wereblood                Tmut           0%         N/A       100%        2
 Call Canine Familiar     Summ           0%         N/A       100%        3
 Dazzling Flash           Conj/Hex       0%         N/A       100%        3
 Gell's Gravitas          Tloc           0%         N/A       100%        3
 Lesser Beckoning         Tloc           0%         N/A       100%        3
 Mephitic Cloud           Conj/Pois/Air  0%         N/A       100%        3
 Ozocubu's Armour         Ice            0%         N/A       100%        3
 Portal Projectile        Hex/Tloc       0%         N/A       100%        3
 Summon Guardian Golem    Hex/Summ       0%         N/A       100%        3
 Teleport Other           Tloc           0%         N/A       100%        3
 Tukima's Dance           Hex            0%         N/A       100%        3
 Iskenderun's Mystic Bla  Conj/Tloc      0%         2d3       100%        4
 Blade Hands              Tmut           0%         N/A       100%        5
 Metabolic Englaciation   Hex/Ice        0%         N/A       100%        5
 Dispersal                Tloc           0%         N/A       100%        6
 Simulacrum               Ice/Necr       0%         N/A       100%        6
 Starburst                Conj/Fire      0%         6d3       100%        6
 Summon Hydra             Summ           0%         N/A       100%        7


Dungeon Overview and Level Annotations

Branches:
Dungeon (12/15)            Temple (1/1) D:4            Lair (0/5) D:9
    Orc (2/2) D:10
    Elf: Orc:2

Altars:
Ashenzari
Cheibriados
Dithmenos
Elyvilon
Fedhas
Gozag
Hepliaklqana
Kikubaaqudgha
Makhleb
Nemelex Xobeh
Okawaru
Qazlal
Ru
Sif Muna
Trog
Uskayaw
Vehumet
Wu Jian
Xom
Yredelemnul
Zin
The Shining One

Shops:
Orc:1 :


Innate Abilities, Weirdness & Mutations

You have a pair of horns on your head.
You reflexively headbutt those who attack you in melee.


Message History

You slice the warg!! You headbutt the warg!
You kill the warg!
The Council accepts your kill.
You hear a shout!
The orc warrior misses you.
You spit the orc warrior like a pig!!!
You kill the orc warrior!
The Council accepts your kill.
You slice the ogre!!
The ogre is severely wounded.
The ogre barely misses you.
You spit the ogre like a pig!!!
You kill the ogre!
The Council accepts your kill.
You hear a shout!
You start resting.
You hear a howl!
An orc warrior is nearby!
An orc warrior is nearby!
You feel a strong urge to attack something.
You are no longer berserk.
You are exhausted.
You feel yourself slow down.
You lunge at the orc warrior.
You barely miss the orc warrior.
You hear a shout!
The orc warrior barely misses you. You furiously retaliate!
You headbutt the orc warrior. The warg closely misses you.
You furiously retaliate!
You headbutt the warg!
Items here: )))) [[ ††.
You stick the orc warrior like a pincushion!!!
You kill the orc warrior!
The Council accepts your kill.
The warg bites you but does no damage. x2
You slash the warg! You headbutt the warg.
You kill the warg!
The Council accepts your kill. The orc knight closely misses you.
The orc warrior attacks as you move away!
The orc warrior hits you with a +0 flail!!
You die...

##''#########''###
## ##.... #... #
##..... #.... #
##...... ...... #
#....... o..... ##
#.....○§ ......#
#.
#....☼oo###.....#
##
#....☼§o☼#○.....#
#
#....§○o@☼☼.....#
###..§§☼§§○.....#
# ##.§☼§☼§§.....#
## ##............#
#. ######........
## ........ #
.......# .......#


You could see 2 orc knights and 2 orc warriors.

Vanquished Creatures
  An orc warlord (Orc:2)
  Erica (Orc:1)
  3 two-headed ogres
  A centaur warrior (D:12)
  2 boulder beetles
  An orc high priest (Orc:2)
  An ugly thing (D:12)
  A deep elf pyromancer (D:12)
  A mana viper (shapeshifter) (D:11)
  A cyclops (D:11)
  6 orc sorcerers (Orc:2)
  4 manticores
  2 gargoyles (D:12)
  A komodo dragon (D:9)
  A kobold demonologist (D:12)
  4 trolls
  8 slime creatures (D:12)
  Sigmund (D:2)
  A wraith (D:12)
  A wyvern (D:8)
  Grum (D:9)
  20 yaks
  5 vampire mosquitoes
  An acid dragon (D:11)
  10 wargs
  2 water moccasins
  2 sky beasts
  22 orc warriors
  2 black bears
  3 wolves (D:9)
  13 ogres
  5 centaurs
  2 kobold brigands
  4 phantoms
  4 bullfrogs
  2 gnoll sergeants
  5 scorpions
  7 wights
  11 killer bees (D:9)
  6 howler monkeys
  2 crimson imps
  2 hounds
  2 jellies
  19 orc priests
  A gnoll bouda (D:7)
  Ijyb (D:4)
  An iguana (D:6)
  32 orc wizards
  19 gnolls
  7 adders
  3 white imps
  A worm (D:2)
  6 dart slugs
  65 orcs
  4 ball pythons
  3 bats
  5 endoplasms
  A giant cockroach (D:1)
  10 goblins
  5 hobgoblins
  22 kobolds
  5 quokkas
  3 frilled lizards
  3 hobgoblin zombies (D:5)
  A kobold skeleton (D:5)
  3 kobold zombies (D:5)
  An orc skeleton (D:5)
  3 orc zombies (D:5)
  2 rats
  A bush (D:5)
402 creatures vanquished.

Vanquished Creatures (others)
  2 orc priests (Orc:2)
  2 plants (D:9)
4 creatures vanquished.

Grand Total: 406 creatures vanquished

Notes
Turn   | Place    | Note
-------+----------+-------------------------------------------
     0 | D:1      | Citaku the Minotaur Fighter began the quest for the Orb.
     0 | D:1      | Reached XP level 1. HP: 19/19 MP: 0/0
    47 | D:1      | Reached XP level 2. HP: 27/27 MP: 1/1
   120 | D:1      | Reached skill level 4 in Armour
   317 | D:1      | Reached XP level 3. HP: 33/33 MP: 2/2
   388 | D:1      | Found a faded altar of an unknown god.
   928 | D:2      | Noticed Sigmund
   938 | D:2      | Killed Sigmund
   939 | D:2      | Reached skill level 5 in Armour
   939 | D:2      | Reached XP level 4. HP: 21/41 MP: 3/3
   939 | D:2      | Reached XP level 5. HP: 24/47 MP: 4/4
  1635 | D:3      | Reached skill level 1 in Polearms
  1635 | D:3      | Reached XP level 6. HP: 18/53 MP: 5/5
  2020 | D:3      | Noticed a water moccasin
  2029 | D:3      | Killed a water moccasin
  2030 | D:3      | Reached skill level 5 in Axes
  2400 | D:3      | Found a glowing silver altar of Zin.
  2681 | D:4      | Noticed Ijyb
  2688 | D:4      | Killed Ijyb
  2689 | D:4      | Reached skill level 5 in Fighting
  2689 | D:4      | Reached skill level 6 in Armour
  2722 | D:4      | Found a staircase to the Ecumenical Temple.
  2739 | D:4      | Reached XP level 7. HP: 60/61 MP: 6/6
  2744 | Temple   | Entered the Ecumenical Temple
  3254 | D:4      | Found an ornate altar of the Wu Jian Council.
  3356 | D:4      | Became a worshipper of the Wu Jian Council
  3486 | D:5      | Entered Level 5 of the Dungeon
  3628 | D:5      | Found a glowing golden altar of the Shining One.
  3641 | D:5      | Reached skill level 7 in Armour
  3689 | D:5      | Reached XP level 8. HP: 65/70 MP: 7/7
  3990 | D:5      | Found a stormy altar of Qazlal.
  4252 | D:6      | Reached skill level 5 in Polearms
  4423 | D:6      | Reached * piety under Wu Jian
  4737 | D:6      | Reached skill level 8 in Armour
  4899 | D:6      | Reached XP level 9. HP: 47/78 MP: 8/8
  5341 | D:6      | Found a bloodstained altar of Trog.
  5805 | D:7      | Reached skill level 1 in Dodging
  5810 | D:7      | Reached ** piety under Wu Jian
  5885 | D:7      | Reached skill level 9 in Armour
  6258 | D:7      | Reached skill level 10 in Armour
  6447 | D:7      | Found a hide-covered altar of Uskayaw.
  6797 | D:8      | Found a shimmering altar of Xom.
  6802 | D:8      | Reached XP level 10. HP: 81/88 MP: 9/9
  7142 | D:8      | Reached *** piety under Wu Jian
  7540 | D:9      | Found a staircase to the Lair.
  7695 | D:9      | Found a sparkling altar of Nemelex Xobeh.
  7696 | D:9      | Noticed a two-headed ogre
  7701 | D:9      | Killed a two-headed ogre
  7702 | D:9      | Reached skill level 11 in Armour
  7704 | D:9      | Noticed Grum
  7714 | D:9      | Killed Grum
  7718 | D:9      | Reached skill level 10 in Polearms
  8146 | D:9      | Found a shadowy altar of Dithmenos.
  8400 | D:9      | Found a hazy altar of Hepliaklqana.
  8406 | D:9      | Found a radiant altar of Vehumet.
  8506 | D:10     | Entered Level 10 of the Dungeon
  8506 | D:10     | Found an ancient bone altar of Kikubaaqudgha.
  8525 | D:10     | Found a staircase to the Orcish Mines.
  8536 | D:10     | Reached skill level 5 in Dodging
  8859 | D:10     | Reached XP level 11. HP: 91/97 MP: 10/10
  8982 | D:10     | Reached skill level 12 in Armour
  8984 | D:10     | Reached **** piety under Wu Jian
  9170 | D:10     | Found a broken altar of Ashenzari.
  9372 | D:10     | Found an iron altar of Okawaru.
  9971 | D:11     | Noticed a mana viper
  9976 | D:11     | Killed a mana viper
 10249 | D:11     | Noticed a boulder beetle
 10291 | D:11     | Killed a boulder beetle
 10695 | D:11     | Reached skill level 13 in Armour
 10965 | D:12     | Noticed a deep elf pyromancer
 10970 | D:12     | Killed a deep elf pyromancer
 11001 | D:12     | Reached skill level 10 in Fighting
 11114 | D:12     | Noticed a brown ugly thing
 11126 | D:12     | Killed a brown ugly thing
 11150 | D:12     | Noticed a boulder beetle
 11158 | D:12     | Killed a boulder beetle
 11159 | D:12     | Reached XP level 12. HP: 99/106 MP: 11/11
 11250 | D:12     | Reached ***** piety under Wu Jian
 11584 | D:12     | Identified a scroll of acquirement
 11591 | D:12     | Acquired the +6 halberd of Qyhic {spect, rElec Will+ rCorr
                  | Str-4}
 11609 | D:12     | Noticed a two-headed ogre
 11609 | D:12     | Noticed a two-headed ogre
 11621 | D:12     | Killed a two-headed ogre
 11622 | D:12     | Reached skill level 14 in Armour
 11626 | D:12     | Killed a two-headed ogre
 11893 | D:12     | Noticed a centaur warrior
 11902 | D:12     | Killed a centaur warrior
 12263 | Orc:1    | Entered Level 1 of the Orcish Mines
 12501 | Orc:1    | Noticed Erica
 12512 | Orc:1    | Killed Erica
 12724 | Orc:1    | Found Wirogen's Book Shoppe.
 12848 | Orc:2    | Entered Level 2 of the Orcish Mines
 13352 | Orc:2    | Noticed an orc high priest
 13376 | Orc:2    | Killed an orc high priest
 13410 | Orc:2    | Reached skill level 15 in Armour
 13575 | Orc:2    | Paralysed by an orc sorcerer for 2 turns
 13592 | Orc:2    | Noticed an orc warlord
 13597 | Orc:2    | Noticed an orc warlord
 13621 | Orc:2    | Reached XP level 13. HP: 36/116 MP: 12/12
 13629 | Orc:2    | Killed an orc warlord
 13643 | Orc:2    | Slain by an orc warrior

Illustrated notes

Levels and vault maps discovered:
D:1:      heliophobic_arrival_ceremonial_halls, layout_basic,
          shapermc_ecumenical_altar_venn
D:2:      layout_loops_ring, uniq_sigmund
D:3:      wander_river, layout_loops_ring, zin_academy,
          minmay_goblin_kobold_house
D:4:      layout_rooms, nicolae_overflow_crystal_walls,
          minmay_temple_entry_sparse_star, uniq_ijyb
D:5:      layout_basic, mainiacjoe_overflow_alcove_4,
          nicolae_tso_besieged_by_evil
D:6:      layout_basic, kennysheep_mini
D:7:      layout_loops_ring, nicolae_uskayaw_dance_studio, dk_noncrumbling_3,
          eino_tiny_chamber
D:8:      layout_loops_ring, mainiacjoe_overflow_cross_hatched,
          kennysheep_generic_room_7
D:9:      layout_basic, mainiacjoe_overflow_24_doors,
          minmay_overflow_temple_star_quad, david_lair_shrubbed,
          minmay_misc_feat_five, uniq_grum
D:10:     layout_basic, mainiacjoe_overflow_boulevard,
          mainiacjoe_overflow_catwalk, okawaru_altar_gauntlet_db,
          minmay_orc_entry_guard_dogs, minmay_fire_ice_demons
D:11:     layout_cave_pods
D:12:     layout_roguey, minmay_microvault
Temple:   hellmonk_temple_forest_ring
Orc:1:    layout_caves, serial_shops, nicolae_lakefront_shop, uniq_erica
Orc:2:    st_orc_mages, layout_caves, serial_shops, nicolae_square_shop,
          minmay_orc_treasury, uniq_nessos, uniq_saint_roka

Skill      XL: |  1  2  3  4  5  6  7  8  9 10 11 12 |
---------------+-------------------------------------+-----
Armour         | 4 5 6 7 8 10 11 13 15 | 15.4
Axes           | 3 4 5 6 8 |  8.1
Shields        | 4 |  4.5
Fighting       | 4 5 6 7 9 10 11 | 11.4
Polearms       | 1 2 4 6 8 10 12 14 | 14.6
Dodging        | 3 5 6 8 |  8.5

Action                   |  1- 3 |  4- 6 |  7- 9 | 10-12 | 13-15 || total
-------------------------+-------+-------+-------+-------+-------++-------
Melee: War axe           |    59 |       |       |       |       ||    59
       Headbutt          |     4 |    12 |    51 |    81 |     4 ||   152
       Halberd           |       |    65 |   229 |   436 |    16 ||   746
Invok: Lunge             |       |       |    15 |    31 |     1 ||    47
       Whirlwind         |       |       |    12 |    60 |       ||    72
       Serpent's Lash    |       |       |       |     1 |       ||     1
       Heavenly Storm    |       |       |       |     1 |       ||     1
  Use: Potion            |     1 |       |     5 |     1 |     1 ||     8
       Scroll            |       |       |    11 |    15 |       ||    26
Armor: Scale mail        |    29 |    46 |     6 |       |       ||    81
       Ring mail         |       |       |   142 |    17 |       ||   159
       Plate armour      |       |       |       |   295 |     3 ||   298
Dodge: Dodged            |    38 |    61 |   132 |   279 |     8 ||   518
Block: Buckler           |    16 |       |       |       |       ||    16
       Other             |       |     8 |    56 |   122 |     2 ||   188
       Reflection        |       |       |     2 |     7 |       ||     9

Table legend: (Time is in decaauts)
 A = Elapsed time spent in this place.
 B = Non-inter-level travel time spent in this place.
 C = Inter-level travel time spent in this place.
 D = Time resting spent in this place.
 E = Time spent auto-exploring this place.
 F = Levels seen in this place.
 G = Mean time per level.
                   A        B        C        D        E       F      G
               +--------+--------+--------+--------+--------+-----+--------+
         Total |  13974 |  13974 |      0 |   1274 |   9080 |  15 |  931.6 |
       Dungeon |  12642 |  12642 |      0 |   1194 |   8306 |  12 | 1053.5 |
        Temple |    167 |    167 |      0 |      0 |    132 |   1 |  167.0 |
  Orcish Mines |   1164 |   1164 |      0 |     80 |    642 |   2 |  582.0 |
               +--------+--------+--------+--------+--------+-----+--------+

Top non-repeatable levels by time:
    D:10: 1519 daAuts
     D:6: 1451 daAuts
    D:11: 1282 daAuts
    D:12: 1232 daAuts
     D:3: 1123 daAuts
     D:9: 1105 daAuts
     D:7: 946 daAuts
     D:8: 852 daAuts
     D:2: 850 daAuts
     D:5: 807 daAuts
     D:1: 806 daAuts
     D:4: 662 daAuts
   Orc:1: 655 daAuts
   Orc:2: 509 daAuts
  Temple: 167 daAuts
